 Dungeon Crawl Stone Soup version 0.17-a0-2231-gd80ca38 (webtiles) character file.

7314 radek the Infuser (level 10, -4/50 HPs)
             Began as a Deep Elf Conjurer on Oct 29, 2015.
             Was an Elder of Vehumet.
             Slain by an orc warrior
             ... wielding a +1 antimagic scimitar
              (8 damage)
             ... on level 10 of the Dungeon.
             The game lasted 01:44:55 (19694 turns).

radek the Infuser (Deep Elf Conjurer)              Turns: 19694, Time: 01:44:55

Health: -4/50      AC:  7    Str:  6    XL:     10   Next: 90%
Magic:  0/25       EV:  9    Int: 23    God:    Vehumet [****..]
Gold:   75         SH:  0    Dex: 15    Spells: 4 memorised, 11 levels left

rFire  . . .     SeeInvis .     E - +1 hand axe (freeze)
rCold  . . .     Clarity  +     a - +1 robe
rNeg   . . .     SustAt   .     (no shield)
rPois  +         Gourm    .     (no helmet)
rElec  .         Spirit   .     y - +0 cloak
rCorr  .         Warding  .     g - +0 pair of gloves
rMut   .         Stasis   .     s - +1 pair of boots {Fly}
MR     +....                    f - amulet of clarity
Stlth  ++........               (no ring)
                                G - ring of poison resistance

@: slowed, very slow, somewhat resistant to hostile enchantments, unstealthy
A: no striking features
a: Renounce Religion, Evoke Flight


You were on level 10 of the Dungeon.
You worshipped Vehumet.
Vehumet was greatly pleased with you.
You were very hungry.

You visited 3 branches of the dungeon, and saw 12 of its levels.

You collected 277 gold pieces.
You spent 202 gold pieces at shops.

Inventory:

Hand Weapons
 d - a +0 dagger
 u - a +2 dagger of draining
 E - a +1 hand axe of freezing (weapon)
 J - a +1 dagger of venom
 N - a +0 short sword of draining
 Q - a +1 hand axe of freezing
 U - a +0 dagger of pain
Armour
 a - a +1 robe (worn)
 c - the +0 shield "Ecarixypn" {rN++}
   (You found it on level 7 of the Dungeon)

   It greatly protects you from negative energy.
 g - a +0 pair of gloves (worn)
 r - a +2 pair of gloves
 s - a +1 pair of boots of flying (worn)
 y - a +0 cloak (worn)
 K - a +1 pair of boots
Magical Staves
 D - an uncursed staff of poison
Jewellery
 f - an amulet of clarity (around neck)
 G - a ring of poison resistance (left hand)
 I - a -2 ring of protection
 O - the ring of Qumarieme {Ice *Drain Dex+6, unknown}
   (You took it off an orc on level 8 of the Dungeon)

   [ring of ice]

   It enhances your ice magic, and weakens your fire magic.
   It affects your dexterity (+6).
   It makes you vulnerable to fire.
   It protects you from cold.
   It causes draining when unequipped.
Wands
 t - a wand of polymorph (8)
 v - a wand of slowing (48)
 M - a wand of invisibility (4)
 S - a wand of frost (9)
Scrolls
 e - 4 scrolls of teleportation
 i - 5 scrolls of identify
 l - 2 scrolls of amnesia
 B - a scroll of blinking
 C - 2 scrolls of immolation
 H - 3 scrolls of recharging
Potions
 h - a potion of degeneration
 k - 4 potions of brilliance
 m - a potion of resistance {unknown}
 n - 4 potions of might
 p - a potion of curing
 q - 2 potions of mutation
 x - a potion of cancellation {unknown}
 z - 2 potions of agility
 A - a potion of poison
 F - a potion of haste {unknown}
 L - a potion of cure mutation
 P - a potion of lignification {unknown}
 T - a potion of ambrosia {unknown}
Books
 b - a book of Conjurations

   Spells                             Type                      Level
   a - Magic Dart                     Conjuration                  1
   b - Searing Ray                    Conjuration                  2
   c - Dazzling Spray                 Conjuration/Hexes            3
   d - Fulminant Prism                Conjuration/Hexes            4
   e - Iskenderun's Mystic Blast      Conjuration                  4
   f - Iskenderun's Battlesphere      Conjuration/Charms           5
 w - a book of the Tempests

   Spells                             Type                      Level
   a - Static Discharge               Conjuration/Air              3
   b - Lightning Bolt                 Conjuration/Air              5
   c - Fireball                       Conjuration/Fire             5
   d - Tornado                        Air                          9
   e - Shatter                        Earth                        9
Comestibles
 j - a meat ration


   Skills:
 + Level 4.7 Dodging
 - Level 2.4 Stealth
 * Level 9.0 Spellcasting
 * Level 9.3 Conjurations
 + Level 12.4 Charms
 + Level 10.4 Fire Magic


You had 11 spell levels left.
You knew the following spells:

 Your Spells              Type           Power        Failure   Level  Hunger
a - Magic Dart            Conj           ####         1%          1    None
b - Iskenderun's Battles  Conj/Chrm      ######..     1%          5    ####...
c - Fireball              Conj/Fire      ######....   1%          5    ####...
d - Lightning Bolt        Conj/Air       ####......   9%          5    ####...


Dungeon Overview and Level Annotations

Branches:
Dungeon (10/15)            Temple (1/1) D:5             Orc (1/4) D:9
   Lair: D:8-11

Altars:
Ashenzari
Cheibriados
Dithmenos
Elyvilon
Fedhas
Gozag
Kikubaaqudgha
Makhleb
Nemelex Xobeh
Okawaru
Qazlal
Ru
Sif Muna
Trog
Vehumet
Xom
Yredelemnul
Zin
The Shining One

Shops:
D:4 [?   D:5 =:!?

Annotations:
D:9 Erolcha; truemonolith's ghost, journeyman HaBe


Message History

Drink which item? (? for menu, Esc to quit)
You feel better.
The orc warrior hits you with an antimagic scimitar!
* * * LOW HITPOINT WARNING * * *
You feel your power leaking away.
The orc moves out of view.
The wraith closely misses you. The wraith hits you but does no damage.
An orc comes into view.
Drink which item? (? for menu, Esc to quit)
You feel better.
The orc warrior hits you but does no damage.
The wraith barely misses you. The wraith hits you!
* * * LOW HITPOINT WARNING * * *
The wraith drains your vigour!
You feel yourself slow down.
* * * LOW HITPOINT WARNING * * *
Casting: Magic Dart
Confirm with . or Enter, or press ? or * to list all spells.
Okay, then.
The orc warrior hits you with an antimagic scimitar!
You die...

# #. .W
#K###
#oW@#
#..Wo.#
#..O..#
#o....#
....*..#
###...(.#
#.....#
##...##


You could see a two-headed ogre, 3 wraiths, an orc warrior, 2 orcs and a kobold.

Vanquished Creatures
  Josephine (D:10)
  2 two-headed ogres (D:9)
  A hungry ghost (D:7)
  2 wraiths
  2 steam dragons (D:8)
  6 sky beasts
  5 ice beasts
  A black bear (D:8)
  5 orc warriors
  3 ogres
  A phantom (D:7)
  A necrophage (D:8)
  4 centaurs
  3 giant frogs
  An elf zombie (D:8)
  2 scorpions
  A gnoll sergeant (D:9)
  4 killer bees (D:7)
  5 wights
  A quasit (D:9)
  4 crimson imps
  5 hounds
  3 jellies
  3 giant frog zombies
  A centaur zombie (D:7)
  A giant frog skeleton (D:4)
  12 orc priests
  2 centaur skeletons
  4 iguanas
  12 orc wizards
  9 worker ants
  3 human zombies (D:8)
  3 human skeletons (D:8)
  A hound zombie (D:8)
  3 hound skeletons
  13 gnolls
  2 mummies (D:8)
  12 adders
  A shadow imp (D:8)
  2 oozes (D:3)
  3 adder zombies
  2 adder skeletons
  55 orcs
  4 bats
  8 giant cockroaches
  6 goblins
  12 hobgoblins
  5 jackals
  6 quokkas
  11 giant geckos
  A giant gecko skeleton (D:4)
  A giant gecko zombie (D:6)
  8 giant newts
  15 kobolds
  A quokka zombie (D:5)
  6 rats
291 creatures vanquished.

Notes
Turn   | Place    | Note
--------------------------------------------------------------
     0 | D:1      | radek the Deep Elf Conjurer began the quest for the Orb.
     0 | D:1      | Reached XP level 1. HP: 10/10 MP: 6/6
   219 | D:1      | Reached XP level 2. HP: 15/15 MP: 5/8
   228 | D:1      | Reached skill level 5 in Conjurations
   744 | D:2      | Reached XP level 3. HP: 19/19 MP: 6/9
  1358 | D:3      | Reached skill level 6 in Conjurations
  1358 | D:3      | Reached XP level 4. HP: 24/24 MP: 5/10
  1675 | D:3      | Found a glowing golden altar of the Shining One.
  1994 | D:3      | Reached skill level 7 in Conjurations
  1994 | D:3      | Reached XP level 5. HP: 28/28 MP: 7/11
  2489 | D:3      | Learned a level 5 spell: Iskenderun's Battlesphere
  2569 | D:3      | Reached skill level 1 in Charms
  2852 | D:4      | Found Xiter's Antique Armour Emporium.
  3053 | D:4      | Reached XP level 6. HP: 32/32 MP: 8/12
  3528 | D:4      | Found Betrut's Magic Scroll Emporium.
  3540 | D:4      | Bought a scroll of blinking for 75 gold pieces
  3540 | D:4      | Bought a scroll of immolation for 35 gold pieces
  3540 | D:4      | Bought a scroll of remove curse for 30 gold pieces
  3940 | D:5      | Entered Level 5 of the Dungeon
  3959 | D:5      | Reached skill level 5 in Charms
  4063 | D:5      | Found Ytta's Book Shoppe.
  4065 | D:5      | Found an iron altar of Okawaru.
  4375 | D:5      | Reached XP level 7. HP: 36/36 MP: 10/13
  4382 | D:5      | Learned a level 5 spell: Fireball
  4420 | D:5      | Found a shattered altar of Ashenzari.
  4676 | D:5      | Found Saejosk's Magic Scroll Emporium.
  4833 | D:5      | Found a staircase to the Ecumenical Temple.
  4842 | Temple   | Entered the Ecumenical Temple
  4950 | Temple   | Became a worshipper of Vehumet
  5057 | D:5      | Found Bokk's Jewellery Shoppe.
  5209 | D:5      | Reached skill level 1 in Fire Magic
  5667 | D:5      | Found Gavuk's Distillery.
  5674 | D:5      | Bought a potion of degeneration for 10 gold pieces
  5674 | D:5      | Bought a potion of poison for 10 gold pieces
  6337 | D:6      | Reached skill level 5 in Fire Magic
  6337 | D:6      | Reached XP level 8. HP: 41/41 MP: 7/14
  6955 | D:6      | Reached * piety under Vehumet
  6955 | D:6      | Offered knowledge of Shock by Vehumet.
  7881 | D:7      | Reached skill level 8 in Charms
  7931 | D:7      | Found an iron altar of Okawaru.
  7976 | D:7      | Got an ichor-stained shield
  7982 | D:7      | Identified the cursed +0 shield "Ecarixypn" {rN++} (You found it on level 7 of the Dungeon)
  8056 | D:5      | Bought a scroll of remove curse for 42 gold pieces
  8216 | D:7      | Found a blossoming altar of Fedhas.
  8479 | D:7      | Reached skill level 9 in Charms
  8595 | D:7      | Reached XP level 9. HP: 45/45 MP: 2/15
  8772 | D:6      | Offered knowledge of Sting by Vehumet.
  8927 | D:7      | Reached ** piety under Vehumet
  9492 | D:7      | Reached skill level 10 in Charms
  9601 | D:7      | Found a blossoming altar of Fedhas.
  9927 | D:7      | Found an iron altar of Okawaru.
 10312 | D:8      | Got a smoking granite ring
 10404 | D:8      | Reached skill level 5 in Spellcasting
 10458 | D:8      | Offered knowledge of Mephitic Cloud by Vehumet.
 10538 | D:8      | Reached skill level 11 in Charms
 10701 | D:8      | Reached *** piety under Vehumet
 10919 | D:8      | Found an opulent altar of Gozag.
 10922 | D:8      | Found an ancient bone altar of Kikubaaqudgha.
 11279 | D:8      | Reached skill level 10 in Fire Magic
 11279 | D:8      | Reached XP level 10. HP: 50/50 MP: 19/21
 11401 | D:8      | Found a basalt altar of Yredelemnul.
 11783 | D:9      | Found a staircase to the Orcish Mines.
 11998 | D:9      | Offered knowledge of Olgreb's Toxic Radiance by Vehumet.
 12208 | D:9      | Noticed Erolcha
 12684 | Orc:1    | Entered Level 1 of the Orcish Mines
 12804 | D:9      | Noticed truemonolith's ghost (journeyman HaBe)
 14475 | D:3      | Found a glowing golden altar of the Shining One.
 14921 | D:4      | Found Xiter's Antique Armour Emporium.
 14928 | D:4      | Found Betrut's Magic Scroll Emporium.
 15556 | D:5      | Found Ytta's Book Shoppe.
 15558 | D:5      | Found an iron altar of Okawaru.
 15579 | D:5      | Found a shattered altar of Ashenzari.
 15604 | D:5      | Found Bokk's Jewellery Shoppe.
 15712 | D:5      | Found Saejosk's Magic Scroll Emporium.
 15834 | D:5      | Found a staircase to the Ecumenical Temple.
 16016 | D:5      | Found Gavuk's Distillery.
 17029 | D:7      | Found a blossoming altar of Fedhas.
 17495 | D:7      | Found an iron altar of Okawaru.
 17618 | D:8      | Found a basalt altar of Yredelemnul.
 17820 | D:8      | Found an opulent altar of Gozag.
 17823 | D:8      | Found an ancient bone altar of Kikubaaqudgha.
 18007 | D:8      | Learned a level 5 spell: Lightning Bolt
 18029 | D:9      | Reached skill level 12 in Charms
 18382 | D:9      | Reached **** piety under Vehumet
 19676 | D:10     | Entered Level 10 of the Dungeon
 19682 | D:10     | Noticed Josephine
 19687 | D:10     | Killed Josephine
 19694 | D:10     | Slain by an orc warrior

Vault maps used:
D:1:      lightli_arrival_statuegarden, minmay_misc_feat_pillars
D:2:      first_bread
D:3:      lemuel_round_altar
D:4:      serial_shops, nicolae_shop_stone, shop
D:5:      ashenzari_conservatory_becter, lemuel_temple_firewalk_marked,
          basic_altar, serial_shops, shop, shop, nicolae_shop_trees,
          nicolae_shop_behind_doors, sigmund_army
D:6:      serial_glass, glass_columns_b, glass_columns_b
D:7:      kennysheep_okawaru_gauntlet, nicolae_overflow_crystal_walls
D:8:      lemuel_mausoleum_altar_yredelemnul, grunt_temple_overflow_open
D:9:      orc_0_dummy, uniq_erolcha
D:10:     uniq_josephine, uniq_erica
Temple:   circular_temple_12

Action                   |  1- 3 |  4- 6 |  7- 9 | 10-12 || total
-------------------------+-------+-------+-------+-------++-------
Melee: Dagger            |       |    17 |       |       ||    17
       Hand axe          |       |       |     4 |     2 ||     6
 Cast: Magic Dart        |    56 |   158 |   307 |   249 ||   770
       Iskenderun's Batt |       |     2 |    42 |    33 ||    77
       Fireball          |       |       |     2 |     2 ||     4
       Lightning Bolt    |       |       |       |    10 ||    10
 Abil: Stop Flying       |       |     1 |       |       ||     1
  Use: Scroll            |     6 |     3 |     5 |     7 ||    21
       Potion            |       |       |       |     7 ||     7
  Eat: Chunk             |     1 |     4 |    15 |     6 ||    26
       Beef jerky        |       |     2 |     1 |       ||     3
       Pizza             |       |     2 |       |       ||     2
       Bread ration      |       |       |     3 |       ||     3
       Meat ration       |       |       |     2 |     5 ||     7
       Fruit             |       |       |     1 |       ||     1
